 Dungeon Crawl Stone Soup version 0.22-a0-441-gcf5b0c6 (webtiles) character file.

83 4thArraOfDagon the Insei (level 4, -1/28 HPs)
             Began as a Kobold Monk on May 30, 2018.
             Slain by a hound (5 damage)
             ... on level 5 of the Dungeon.
             The game lasted 00:03:48 (759 turns).

4thArraOfDagon the Insei (Kobold Monk)               Turns: 759, Time: 00:03:49

Health: -1/28      AC:  5    Str:  7 (8)  XL:     4   Next: 71%
Magic:  4/4        EV: 14    Int: 10 (12) God:
Gold:   34         SH:  9    Dex: 16 (17) Spells: 3/3 levels left

rFire    . . .     SeeInvis .   c - +0 dagger (venom)
rCold    . . .     Gourm    .   d - +1 shield {AC+3}
rNeg     . . .     Faith    .   a - +0 robe
rPois    .         Spirit   .   (no helmet)
rElec    .         Reflect  .   (no cloak)
rCorr    .         Harm     .   (no gloves)
MR       .....                  (no boots)
Stlth    ++........             (no amulet)
HPRegen  0.09/turn              (no ring)
MPRegen  0.09/turn              (no ring)

@: no status effects
A: small, carnivore
a: no special abilities


You were on level 5 of the Dungeon.
You were very full.

You visited 1 branch of the dungeon, and saw 6 of its levels.

You collected 34 gold pieces.

Inventory:

Hand Weapons
 c - a +0 dagger of venom (weapon)
Armour
 a - a +0 robe (worn)
 d - a +1 shield of protection (worn)
Scrolls
 e - 2 scrolls of identify {unknown}
Comestibles
 b - 6 rations


   Skills:
 - Level 3.2 Fighting
 - Level 3.6 Dodging
 - Level 2.6 Stealth
 + Level 1.6 Shields
 + Level 4.5 Unarmed Combat


You had 3 spell levels left.
You didn't know any spells.
Your spell library was empty.

Dungeon Overview and Level Annotations

Branches:
Dungeon (6/15)
 Temple: D:4-7

Altars:


Innate Abilities, Weirdness & Mutations

You are small and have problems with some larger weapons.
You are carnivorous and can eat meat at any time.


Message History

You see here a scale mail.
A hound comes into view.
The hound barks!
Unknown command.
You aren't carrying any potions.
You hit the hound but do no damage.
The hound is poisoned.
You block the hound's attack. The hound bites you.
You closely miss the hound.
The hound stops to sniff the ground.
The hound bites you.
* * * LOW HITPOINT WARNING * * *
You hit the hound but do no damage.
The hound looks as sick as possible!
The hound is lightly wounded.
The hound bites you.
* * * LOW HITPOINT WARNING * * *
You block the hound's attack.
You hit the hound but do no damage.
The hound is severely wounded.
The hound bites you.
You die...

### ### #.....#.# #.#
#.###..#.##.#
#######.####.##.....[...
.####............##...#.##.#
............................
......###.#...............
... #.#...............
#.#.#.#####.#...............
..........h@................
.....#.###.#...............
#..........>.#..#...........
#.......#.......#...........
............................
.................>......#.#.
............(...#...#...#.#.
................#...##.##.#.
#..........####.#...........


You could see a hound.

Vanquished Creatures
  A hound (D:4)
  A worker ant zombie (D:5)
  2 adders
  A leopard gecko (D:5)
  2 bats (D:1)
  4 giant cockroaches
  3 goblins
  3 hobgoblins (D:1)
  2 ball pythons
  2 frilled lizards
  2 kobolds (D:2)
  2 rats
25 creatures vanquished.

Notes
Turn   | Place    | Note
-------+----------+-------------------------------------------
     0 | D:1      | 4thArraOfDagon the Kobold Monk began the quest for the Orb.
     0 | D:1      | Reached XP level 1. HP: 14/14 MP: 1/1
   106 | D:1      | Reached XP level 2. HP: 17/19 MP: 2/2
   141 | D:1      | lab d:1
   432 | D:3      | Reached skill level 4 in Unarmed Combat
   432 | D:3      | Reached XP level 3. HP: 22/23 MP: 3/3
   507 | D:4      | Reached skill level 1 in Shields
   548 | D:4      | Reached XP level 4. HP: 6/28 MP: 4/4
   656 | D:5      | Entered Level 5 of the Dungeon
   695 | D:6      | Noticed an ogre
   759 | D:5      | Slain by a hound

Vault maps used:
D:1:      roderic_crossed_star
D:2:      cheibrodos_pilgrimage, uniq_jessica
D:3:      minmay_statues_item
D:4:      serial_shops, shop, first_ration
D:5:      temple_hall, minmay_misc_feat_hallway, hangedman_decor_growths,
          minivault_25, uniq_edmund
D:6:      yredelemnul_forgotten_temple_becter, nicolae_gozag_seed_capital,
          kennysheep_slug_shrine, uniq_blork_the_orc, uniq_sigmund

Skill      XL: |  1  2  3 |
---------------+----------+-----
Unarmed Combat | 4 |  4.5
Shields        | 1 |  1.6
Fighting       | |  3.2
Dodging        | |  3.6
Stealth        | |  2.6

Action                   |  1- 3 |  4- 6 || total
-------------------------+-------+-------++-------
Melee: Unarmed           |    57 |    11 ||    68
       Dagger            |    38 |    10 ||    48
       Punch             |     1 |       ||     1
  Use: Potion            |     2 |     1 ||     3
 Stab: Sleeping          |     5 |       ||     5
  Eat: Chunk             |     6 |       ||     6
Armor: Robe              |    21 |     6 ||    27
Dodge: Dodged            |    75 |     5 ||    80
Block: Shield            |    10 |     3 ||    13

Table legend:
 A = Spawn XP
 B = Non-spawn XP
 C = Spawn XP percentage of total XP
 D = Spawn monster count
 E = Non-spawn monster count
 F = Spawn count percentage of total count
 G = Total turns spent on level
                    A         B        C        D         E        F      G
               +---------+---------+-------+---------+---------+-------+---------
         Total |       0 |     119 |   0.0 |       0 |      25 |   0.0 |   759
               +---------+---------+-------+---------+---------+-------+---------
           D:1 |       0 |      18 |   0.0 |       0 |      11 |   0.0 |   286
           D:2 |       0 |       6 |   0.0 |       0 |       4 |   0.0 |    90
           D:3 |       0 |      20 |   0.0 |       0 |       5 |   0.0 |   120
           D:4 |       0 |      57 |   0.0 |       0 |       3 |   0.0 |   160
           D:5 |       0 |      18 |   0.0 |       0 |       2 |   0.0 |    90
               +---------+---------+-------+---------+---------+-------+---------
